 Dungeon Crawl Stone Soup version 0.28.0-1-gb440e238dd (webtiles) character file.

Game seed: 8073170372584728752

47758 Morbidden the Protected (level 14, -2/110 HPs)
             Began as a Demonspawn Fighter on Feb 22, 2022.
             Was a High Priest of Cheibriados.
             Splashed with acid (7 damage)
             ... on level 1 of the Pits of Slime.
             The game lasted 00:29:10 (17738 turns).

Morbidden the Protected (Demonspawn Fighter)       Turns: 17738, Time: 00:29:11

Health: -2/110     AC:  1    Str: 33    XL:     14   Next: 9%
Magic:  23/23      EV: 16    Int: 24    God:    Cheibriados [*****.]
Gold:   746        SH:  0    Dex: 26    Spells: 21/25 levels left

rFire   + . .      SeeInvis .   b - +3 dagger (venom)
rCold   . . .      Faith    .   (no shield)
rNeg    . . .      Spirit   .   M - +4 chain mail
rPois   +          Reflect  .   H - +1 helmet
rElec   .          Harm     .   (no cloak)
rCorr   .          Rampage  .   (gloves unavailable)
Will    +....                   (no boots)
Stlth   ..........              j - amulet of regeneration
HPRegen 1.08/turn               I - ring of poison resistance
MPRegen 0.18/turn               s - ring of protection from fire

@: corroded, studying Armour, very slow
A: molten scales 1, demonic guardian 1, demonic magic 1, demonic touch 3
a: Renounce Religion, Bend Time, Temporal Distortion, Slouch, Step From Time


You were on level 1 of the Pits of Slime.
You worshipped Cheibriados.
Cheibriados was extremely pleased with you.
You visited 4 branches of the dungeon, and saw 20 of its levels.

You collected 746 gold pieces.

Inventory:

Hand Weapons
 a - a +1 scimitar of flaming
 b - a +3 dagger of venom (weapon)
 T - the +9 battleaxe "Gyeviten" {drain, MP+9 Str+6 Dex-2 Stlth+}
   (You found it on level 3 of the Lair of Beasts)

   A truly terrible weapon, it drains the life of any living foe it strikes.
   Str:       It affects your strength (+6).
   Dex:       It affects your dexterity (-2).
   MP:        It affects your magic capacity (+9).
   Stlth:     It makes you more stealthy.
Missiles
 e - 2 throwing nets
 o - 4 silver javelins
 K - a curare-tipped dart
 L - 11 poisoned darts (quivered)
Armour
 E - a +1 chain mail of poison resistance
 H - a +1 helmet (worn)
 M - a +4 chain mail (worn)
Jewellery
 j - an amulet of regeneration (around neck)
 s - a ring of protection from fire (right hand)
 A - a ring of magical power
 I - a ring of poison resistance (left hand)
Wands
 l - a wand of iceblast (6)
 u - a wand of mindburst (27)
 F - a wand of acid (8)
 N - a wand of flame (9)
 Q - a wand of polymorph (5)
 U - a wand of paralysis (4)
Scrolls
 g - 4 scrolls of teleportation
 h - 13 scrolls of identify
 k - a scroll of enchant weapon
 n - a scroll of enchant armour
 r - a scroll of fog {unknown}
 v - a scroll of magic mapping {unknown}
 w - 2 scrolls of amnesia
 y - 2 scrolls of noise
 B - a scroll of vulnerability
 O - a scroll of immolation {unknown}
 P - 3 scrolls of silence
 R - a scroll of summoning {unknown}
Potions
 c - a potion of attraction
 d - 2 potions of might
 f - 11 potions of curing
 m - 2 potions of flight {unknown}
 p - 3 potions of berserk rage {unknown}
 q - a potion of experience {unknown}
 t - a potion of degeneration
 x - a potion of brilliance {unknown}
 z - 2 potions of magic
 C - 2 potions of resistance {unknown}
 D - 4 potions of ambrosia {unknown}
 G - a potion of haste {unknown}
 S - a potion of lignification {unknown}


   Skills:
 * Level 10.1 Fighting
 - Level 7.2(9.1) Short Blades
 * Level 8.7(9.9) Long Blades
 + Level 2.3 Axes
 + Level 0.9 Throwing
 * Level 14.0 Armour
 * Level 7.8 Dodging
 + Level 2.3 Stealth
 + Level 3.3 Shields
 + Level 1.0 Unarmed Combat
 * Level 6.4 Spellcasting
 * Level 1.6 Conjurations
 * Level 1.1 Translocations
 * Level 10.4 Invocations
 + Level 1.5 Evocations


You had 21 spell levels left.
You knew the following spells:

 Your Spells              Type           Power      Damage    Failure   Level
a - Iskenderun's Mystic   Conj/Tloc      14%        2d5       77%         4

Your spell library contained the following spells:

 Spells                   Type           Power      Damage    Failure   Level
 Blink                    Tloc           26%        N/A       22%         2
 Sublimation of Blood     Necr           7%         N/A       34%         2
 Wereblood                Tmut           7%         N/A       34%         2
 Mephitic Cloud           Conj/Pois/Air  10%        N/A       47%         3
 Frozen Ramparts          Ice            14%        1d3       56%         3
 Ignite Poison            Fire/Tmut/Pois 7%         N/A       56%         3
 Ozocubu's Armour         Ice            7%         N/A       56%         3
 Summon Guardian Golem    Hex/Summ       7%         N/A       56%         3
 Ice Form                 Ice/Tmut       7%         N/A       92%         4
 Summon Ice Beast         Ice/Summ       7%         N/A       92%         4
 Freezing Cloud           Conj/Ice/Air   5%         6-21      99%         5
 Metabolic Englaciation   Hex/Ice        3%         N/A       99%         5
 Simulacrum               Ice/Necr       3%         N/A       100%        6
 Malign Gateway           Summ/Tloc      5%         N/A       100%        7
 Summon Hydra             Summ           3%         N/A       100%        7
 Summon Horrible Things   Summ           3%         N/A       100%        8


Dungeon Overview and Level Annotations

Branches:
Dungeon (12/15)            Temple (1/1) D:6            Lair (5/6) D:11
 Shoals (0/4) Lair:3        Snake (0/4) Lair:3        Slime (2/5) Lair:5
    Orc (0/2) D:12

Altars:
Ashenzari
Cheibriados
Dithmenos
Elyvilon
Fedhas
Gozag
Hepliaklqana
Kikubaaqudgha
Makhleb
Nemelex Xobeh
Okawaru
Qazlal
Ru
Sif Muna
Trog
Uskayaw
Vehumet
Wu Jian
Xom
Yredelemnul
Zin
The Shining One
Jiyva

Shops:
D:4 !

Annotations:
D:3 2 transporters
D:11 2 transporters, exclusion: ice statue, mistmaker's ghost, journeyman TeAE


Innate Abilities, Weirdness & Mutations

You are partially covered in molten scales. (AC +2)
A weak demonic guardian rushes to your aid.
Spells you cast may paralyse adjacent enemies.
Your touch may irresistibly damage your foes and sap their willpower.


Message History

* * * LOW HITPOINT WARNING * * *
The acid corrodes you!
You are splashed with acid!
* * * LOW HITPOINT WARNING * * *
The walls burn your rust devil!
Unknown command.
Unknown command.
Unknown command.
You hit the acid blob but do no damage.
Your hands burn!
* * * LOW HITPOINT WARNING * * *
The acid blob is lightly wounded.
The acid blob spits acid at you. The splash of acid hits you!
* * * LOW HITPOINT WARNING * * *
A demonic guardian appears!
Unknown command.
Unknown command.
Unknown command.
You feel much better. The walls burn your rust devil!
Your rust devil hits the acid blob!
Your rust devil corrodes the acid blob!
Your rust devil is burned by acid!
The acid blob hits you!
* * * LOW HITPOINT WARNING * * *
You are splashed with acid!
* * * LOW HITPOINT WARNING * * *
Your rust devil hits the acid blob!
Your rust devil is burned by acid!
Unknown command.
Unknown command.
Okay, then.
Unknown command.
Unknown command.
Okay, then.
Okay, then.
Okay, then.
Blink to where?
Press: ? - help, Dir - move target A slime creature comes into view.
As you read the scroll of blinking, it crumbles to dust.
You are splashed with acid!
You die...

#.....#
##........
##.........##
#... .......#
#... #.J...#
#...####....#
#.....###...##
#......##.^@.#
#..<..##.....#
#.....##....##
#....###.....#
##..## ##....#
≈..# #....#
#≈≈≈≈ ##4J..#
≈≈≈≈J ##..§4.#
#≈J≈J≈
#......#


You could see an acid blob (very poisoned, weak-willed, corroded, ally target),
a slime creature (wandering) and 2 friendly rust devils.

Vanquished Creatures
  Gastronok (Lair:3)
  4 hydras
  Harold (D:8)
  A boulder beetle (D:11)
  A catoblepas (Lair:2)
  Erica (D:11)
  3 two-headed ogres
  A tengu warrior (D:9)
  8 death yaks
  Nergalle (D:10)
  A lindwurm (Lair:3)
  A cyclops (D:11)
  17 elephants
  8 black mambas
  A gargoyle (D:11)
  A merfolk siren (Lair:3)
  15 cane toads
  2 rime drakes
  Psyche (D:10)
  6 komodo dragons
  Maggie (D:6)
  An unseen horror (D:10)
  A merfolk (Lair:3)
  A tengu conjurer (D:9)
  2 trolls
  A polar bear (Lair:5)
  3 blink frogs (Lair:4)
  Prince Ribbit (D:6)
  A wyvern (Lair:5)
  A shadow (D:10)
  40 yaks
  3 basilisks
  Grum (D:10)
  2 steam dragons
  Edmund (D:6)
  13 water moccasins
  7 orc warriors
  6 ice beasts
  3 sky beasts
  4 black bears
  A necrophage (D:7)
  18 wolves
  A centaur (D:10)
  2 kobold brigands (D:10)
  A phantom (D:6)
  A gnoll sergeant (D:8)
  3 scorpions
  20 bullfrogs
  A water moccasin zombie (D:6)
  A water moccasin skeleton (D:7)
  A killer bee (D:8)
  2 howler monkeys
  An electric eel (D:9)
  4 centaur zombies
  6 orc priests
  A hound (D:4)
  Jessica (D:2)
  9 orc wizards
  A howler monkey zombie (D:8)
  4 adders
  3 gnolls (D:8)
  2 white imps
  An ufetubus (D:5)
  2 worms
  A dart slug (D:3)
  34 orcs
  8 endoplasms
  3 giant cockroaches
  3 hobgoblins
  3 jackals (D:2)
  16 kobolds
  6 quokkas
  4 ball pythons
  2 bats (D:1)
  A frilled lizard (D:1)
  4 goblins
  6 rats
346 creatures vanquished.

Vanquished Creatures (collateral kills)
  4 yaks
  A phantom (D:5)
  A centaur zombie (D:9)
  A kobold (D:10)
7 creatures vanquished.

Vanquished Creatures (others)
  A butterfly (D:11)
  71 fungi
  60 plants
132 creatures vanquished.

Grand Total: 485 creatures vanquished

Notes
Turn   | Place    | Note
-------+----------+-------------------------------------------
     0 | D:1      | Morbidden the Demonspawn Fighter began the quest for the
                  | Orb.
     0 | D:1      | Reached XP level 1. HP: 18/18 MP: 1/1
    49 | D:1      | Found a faded altar of an unknown god.
   419 | D:1      | Gained mutation: Spells you cast may paralyse adjacent
                  | enemies. [demonic ancestry]
   419 | D:1      | Reached XP level 2. HP: 23/24 MP: 2/2
   583 | D:1      | Reached skill level 3 in Armour
  1171 | D:2      | Reached XP level 3. HP: 28/29 MP: 3/3
  1540 | D:2      | Noticed Jessica
  1545 | D:2      | Killed Jessica
  1546 | D:2      | Reached XP level 4. HP: 34/35 MP: 4/4
  2060 | D:3      | Noticed a sky beast
  2108 | D:3      | Killed a sky beast
  2109 | D:3      | Reached skill level 1 in Short Blades
  2109 | D:3      | Reached skill level 1 in Dodging
  2109 | D:3      | Gained mutation: A weak demonic guardian rushes to your
                  | aid. [demonic ancestry]
  2109 | D:3      | Reached XP level 5. HP: 42/42 MP: 5/5
  2319 | D:3      | Found a transporter.
  2324 | D:3      | Found a transporter.
  2837 | D:4      | Found Esipaeda's Distillery.
  2943 | D:4      | Gained mutation: Your touch may inflict minor irresistible
                  | damage on your foes. [demonic ancestry]
  2943 | D:4      | Reached XP level 6. HP: 42/48 MP: 6/6
  3144 | D:5      | Entered Level 5 of the Dungeon
  3400 | D:5      | Reached skill level 4 in Armour
  3494 | D:5      | Gained mutation: Your touch may inflict irresistible damage
                  | on your foes. [demonic ancestry]
  3494 | D:5      | Reached XP level 7. HP: 50/54 MP: 7/7
  3995 | D:6      | Reached skill level 5 in Armour
  4036 | D:6      | Found a staircase to the Ecumenical Temple.
  4060 | Temple   | Entered the Ecumenical Temple
  4089 | Temple   | Became a worshipper of Cheibriados the Contemplative
  4259 | D:6      | Found an iron altar of Okawaru.
  4274 | D:6      | Noticed Edmund
  4290 | D:6      | Killed Edmund
  4291 | D:6      | Reached skill level 1 in Invocations
  4291 | D:6      | Reached XP level 8. HP: 47/61 MP: 8/8
  4302 | D:6      | Identified the +1 ring mail of Himoz {Int+4}
  4346 | D:6      | Noticed Maggie
  4360 | D:6      | Killed Maggie
  4361 | D:6      | Reached skill level 5 in Fighting
  4742 | D:6      | Noticed Prince Ribbit
  4760 | D:6      | Killed Prince Ribbit
  4761 | D:6      | Reached skill level 5 in Long Blades
  4761 | D:6      | Reached skill level 6 in Armour
  5176 | D:7      | Reached XP level 9. HP: 66/68 MP: 11/11
  6056 | D:7      | Reached * piety under Cheibriados
  6160 | D:7      | Reached skill level 1 in Stealth
  6782 | D:8      | Reached skill level 7 in Armour
  6910 | D:8      | Got Sif Muna's Incunabulum of Warped Curses
  6947 | D:8      | Reached skill level 1 in Spellcasting
  7096 | D:8      | Noticed Harold
  7117 | D:8      | Killed Harold
  7118 | D:8      | Reached skill level 5 in Invocations
  7118 | D:8      | Gained mutation: Your touch may irresistibly damage your
                  | foes and sap their willpower. [demonic ancestry]
  7118 | D:8      | Reached XP level 10. HP: 24/76 MP: 13/13
  7188 | D:8      | Reached ** piety under Cheibriados
  7241 | D:8      | Reached skill level 8 in Armour
  7554 | D:8      | Reached skill level 5 in Short Blades
  8193 | D:9      | Reached *** piety under Cheibriados
  8379 | D:9      | Noticed a tengu warrior
  8773 | D:9      | Killed a tengu warrior
  8774 | D:9      | Reached skill level 5 in Dodging
  8774 | D:9      | Reached XP level 11. HP: 25/84 MP: 16/16
  8993 | D:10     | Entered Level 10 of the Dungeon
  8999 | D:10     | Noticed Psyche
  9042 | D:10     | Noticed Nergalle
  9044 | D:10     | Noticed a two-headed ogre
  9061 | D:10     | Killed Nergalle
  9072 | D:10     | Killed a two-headed ogre
  9073 | D:10     | Reached skill level 9 in Armour
  9280 | D:10     | Noticed Grum
  9289 | D:10     | Killed Grum
  9290 | D:10     | Reached skill level 1 in Evocations
  9322 | D:10     | Reached **** piety under Cheibriados
  9415 | D:10     | You fall into a shaft and drop 2 floors!
  9415 | D:12     | Found a staircase to the Orcish Mines.
  9496 | D:10     | Killed Psyche
  9974 | D:10     | Noticed a two-headed ogre
  9990 | D:10     | Killed a two-headed ogre
 10264 | D:11     | Noticed Erica
 10486 | D:11     | Noticed a boulder beetle
 10561 | D:11     | Killed a boulder beetle
 10562 | D:11     | Reached skill level 1 in Unarmed Combat
 10783 | D:11     | Found a staircase to the Lair.
 10838 | D:11     | Noticed a two-headed ogre
 10852 | D:11     | Killed a two-headed ogre
 10853 | D:11     | Gained mutation: You are partially covered in molten
                  | scales. (AC +2) [demonic ancestry]
 10853 | D:11     | Reached XP level 12. HP: 12/92 MP: 18/18
 11173 | D:11     | Noticed mistmaker's ghost (journeyman TeAE)
 11200 | D:11     | Killed Erica
 11247 | D:11     | Found a transporter.
 11248 | D:11     | Noticed a boulder beetle
 11252 | D:11     | Noticed a two-headed ogre
 11255 | D:11     | Noticed a boulder beetle
 11261 | D:11     | Found a transporter.
 11400 | Lair:1   | Entered Level 1 of the Lair of Beasts
 11485 | Lair:1   | Reached ***** piety under Cheibriados
 11537 | Lair:1   | Reached skill level 10 in Armour
 12069 | Lair:1   | Reached skill level 5 in Spellcasting
 12492 | Lair:2   | Noticed a catoblepas
 12513 | Lair:2   | Killed a catoblepas
 12651 | Lair:2   | Identified a scroll of acquirement
 12652 | Lair:2   | Acquired a manual of Armour
 13039 | Lair:2   | Noticed an eight-headed hydra
 13451 | Lair:2   | Killed an eight-headed hydra
 13940 | Lair:3   | Reached skill level 11 in Armour
 14425 | Lair:3   | Reached XP level 13. HP: 44/101 MP: 21/21
 14656 | Lair:3   | Found a staircase to the Snake Pit.
 14682 | Lair:3   | Noticed Gastronok
 14718 | Lair:3   | Killed Gastronok
 15098 | Lair:3   | Reached skill level 12 in Armour
 15253 | Lair:3   | Found a staircase to the Shoals.
 15334 | Lair:3   | Identified the +5 ring mail "Ined Luc" {rElec rN+ Int+2}
 15392 | Lair:3   | Identified the +9 battleaxe "Gyeviten" {drain, MP+9 Str+6
                  | Dex-2 Stlth+}
 15816 | Lair:4   | Reached skill level 1 in Axes
 16087 | Lair:4   | Reached skill level 13 in Armour
 16087 | Lair:4   | Reached skill level 10 in Invocations
 16408 | Lair:4   | Reached ****** piety under Cheibriados
 16946 | Lair:4   | Learned a level 4 spell: Iskenderun's Mystic Blast
 17054 | Lair:5   | Reached skill level 10 in Fighting
 17087 | Lair:5   | Found a viscous altar of Jiyva.
 17087 | Lair:5   | Found a staircase to the Slime Pits.
 17133 | Lair:5   | Reached skill level 1 in Conjurations
 17239 | Lair:5   | Reached XP level 14. HP: 20/110 MP: 8/23
 17251 | Lair:5   | Reached skill level 1 in Translocations
 17255 | Lair:5   | Reached skill level 14 in Armour
 17715 | Slime:1  | Entered Level 1 of the Pits of Slime
 17715 | Slime:1  | You fall into a shaft and drop 1 floor!
 17715 | Slime:2  | Noticed a quicksilver ooze
 17715 | Slime:2  | Noticed an acid blob
 17715 | Slime:2  | Noticed an azure jelly
 17722 | Slime:1  | Noticed an azure jelly
 17726 | Slime:1  | Noticed an acid blob
 17737 | Slime:1  | HP: 5/110 [acid (8)]
 17738 | Slime:1  | Splashed with acid

Illustrated notes

Levels and vault maps discovered:
D:1:      minmay_arrival_solitary_statue, layout_basic,
          hellmonk_ecumenical_altar_heavens_door
D:2:      layout_loops_ring, uniq_jessica
D:3:      layout_loops_cross, gammafunk_ghost_mausoleum, minivault_25,
          due_unseen_surprise
D:4:      layout_basic, serial_shops, shop
D:5:      layout_loops_ring
D:6:      layout_gridville, okawaru_trees_2, minmay_temple_entry_slanted,
          uniq_maggie, uniq_prince_ribbit1, uniq_edmund
D:7:      layout_basic, minmay_misc_feat_four_crosses
D:8:      minmay_bubble_buster, layout_gridville, uniq_harold
D:9:      layout_basic, kennysheep_nondescript
D:10:     layout_rooms, chequers_serial_rivers_room_b, uniq_grum, uniq_psyche,
          uniq_nergalle
D:11:     layout_roguey, due_lair_maze_entry_diamond, nzn_ghost_randoct,
          nicolae_elyvilon_peaceful_grove, uniq_erica
D:12:     minmay_stone_box, layout_rooms, orc_0_dummy, serial_aquarium,
          aquarium_bridge_square [aquarium_subvault_bridge,
          aquarium_subvault_wall, aquarium_subvault_bridge,
          aquarium_subvault_wall], aquarium_bridge_square
          [aquarium_subvault_wall, aquarium_subvault_window,
          aquarium_subvault_wall, aquarium_subvault_bridge],
          aquarium_window_corridor_2, aquarium_window_1, aquarium_window_corner,
          aquarium_window_1, aquarium_view_2b, aquarium_balcony_double_4,
          aquarium_pool_2, uniq_azrael
Temple:   grunt_wide_crystal_templ
Lair:1:   layout_big_grid
Lair:2:   layout_cave_pods, grunt_megastairs_1
Lair:3:   layout_regular_city, elwin_shoals_entry_stream,
          minmay_snake_entry_six_corridors, uniq_gastronok
Lair:4:   layout_loops_ring, serial_rivers, chequers_serial_rivers_marsh,
          chequers_serial_rivers_room_a, chequers_serial_rivers_micro_c,
          chequers_serial_rivers_small_a, chequers_serial_rivers_micro_d,
          chequers_serial_rivers_large_a
Lair:5:   layout_misc_corridors, slime_altar_1, chequers_serial_rivers_small_b
Slime:1:  layout_caves, basic_altar, nicolae_slime_phagocytosis
Slime:2:  layout_caves

Skill      XL: |  1  2  3  4  5  6  7  8  9 10 11 12 13 14 |
---------------+-------------------------------------------+-----
Long Blades    | 2 3 4 5 6 7 8 |  8.7
Armour         | 3 4 5 6 7 8 9 11 13 14 | 14.0
Shields        | 3 |  3.3
Short Blades   | 1 2 3 4 5 6 7 |  7.2
Dodging        | 1 2 3 4 5 7 |  7.8
Fighting       | 4 5 6 7 8 9 10 | 10.1
Invocations    | 1 3 5 6 8 9 10 | 10.4
Stealth        | 1 2 |  2.3
Spellcasting   | 2 3 4 5 6 |  6.4
Evocations     | 1 |  1.5
Unarmed Combat | 1 |  1.0
Axes           | 2 |  2.3
Conjurations   | 1 |  1.6
Translocations | 1 |  1.1
Throwing       | |  0.9

Action                   |  1- 3 |  4- 6 |  7- 9 | 10-12 | 13-15 || total
-------------------------+-------+-------+-------+-------+-------++-------
Melee: Long sword        |    86 |       |       |       |       ||    86
       Dagger            |     3 |   192 |   360 |   893 |   524 ||  1972
       Touch             |       |    17 |    90 |   241 |   191 ||   539
       Punch             |       |     2 |    10 |    18 |    11 ||    41
       Unarmed           |       |       |       |    20 |       ||    20
       Scimitar          |       |       |       |       |    34 ||    34
       Battleaxe         |       |       |       |       |    16 ||    16
Throw: Javelin           |       |     1 |       |     4 |     3 ||     8
       Dart              |       |       |       |     7 |     1 ||     8
Invok: Slouch            |       |       |       |     2 |     3 ||     5
       Bend Time         |       |       |       |       |     1 ||     1
Evoke: Wand              |       |       |       |    13 |       ||    13
  Use: Scroll            |       |       |     4 |    14 |     5 ||    23
       Potion            |       |       |     5 |     3 |     6 ||    14
 Stab: Distracted        |       |       |     1 |     1 |     1 ||     3
       Petrified         |       |       |       |     1 |       ||     1
Armor: Scale mail        |    39 |     5 |       |       |       ||    44
       Chain mail        |       |    88 |   170 |   374 |   335 ||   967
       Skin              |       |       |       |     4 |       ||     4
Dodge: Dodged            |    26 |    48 |   151 |   471 |   427 ||  1123
Block: Buckler           |    19 |    13 |       |       |       ||    32
